 Dungeon Crawl Stone Soup version 0.20.1-1-g8b1a95d (webtiles) character file.

51128 OdinFK the Tortoise (level 14, -5/199 HPs)
             Began as a Minotaur Berserker on Oct 20, 2017.
             Was a High Priest of Trog.
             Slain by a cyclops (12 damage)
             ... on level 11 of the Dungeon.
             The game lasted 00:59:24 (21088 turns).

OdinFK the Tortoise (Minotaur Berserker)           Turns: 21088, Time: 00:59:24

Health: -5/199     AC: 19    Str: 32    XL:     14   Next: 22%
Magic:  4/4        EV: 11    Int:  4    God:    Trog [*****.]
Gold:   828        SH:  6    Dex: 10    Spells: 13/13 levels left

rFire    . . .     SeeInvis .   W - +4 double sword (antimagic)
rCold    + + .     Gourm    .   E - +0 buckler
rNeg     + + .     Faith    .   A - +0 plate armour
rPois    .         Spirit   .   (helmet restricted)
rElec    .         Reflect  .   (no cloak)
rCorr    .         Harm     .   U - +0 pair of gloves
MR       +++..                  (no boots)
Stlth    ..........             u - macabre finger necklace {rN+}
Regen    1.5/turn               n - ring of protection from cold
MPRegen  0.1/turn               H - ring of protection from cold
                                F - ring of positive energy

@: berserking (expiring), regenerating, very quick
A: retaliatory headbutt, horns 2
a: Berserk, Trog's Hand, Brothers in Arms, Burn Spellbooks, Renounce Religion


You were on level 11 of the Dungeon.
You worshipped Trog.
Trog was extremely pleased with you.
You were near starving.

You visited 2 branches of the dungeon, and saw 17 of its levels.
You also visited: Labyrinth.

You collected 858 gold pieces.
You spent 30 gold pieces at shops.

Inventory:

Hand Weapons
 t - a +2 antimagic dagger
 R - a cursed -2 rapier
 S - a +3 short sword of venom
 W - a +4 antimagic double sword (weapon)
Missiles
 Q - 3 javelins of returning (quivered)
 X - 6 tomahawks of dispersal
Armour
 v - +0 steam dragon scales
 A - a +0 plate armour (worn)
 E - a +0 buckler (worn)
 U - a +0 pair of gloves (worn)
Jewellery
 e - an uncursed ring of ice
 n - a ring of protection from cold (left hand)
 u - the macabre finger necklace (around neck) {rN+}
   (You found it on level 6 of the Dungeon)

   [amulet of nothing]

   It protects you from negative energy.
 F - a ring of positive energy (on amulet)
 H - a ring of protection from cold (right hand)
 N - a +3 ring of dexterity
 P - an uncursed amulet of the gourmand {unknown}
Wands
 j - a wand of random effects (26/48)
 J - a wand of digging (4/24)
Scrolls
 d - a scroll of enchant weapon
 f - 11 scrolls of teleportation
 g - 3 scrolls of enchant armour
 h - 5 scrolls of remove curse
 k - 2 scrolls of recharging
 p - a scroll of magic mapping
 s - 3 scrolls of fear
 y - 2 scrolls of identify
 z - 4 scrolls of fog
 G - a scroll of holy word
 I - 2 scrolls of summoning
 O - a scroll of blinking
 V - a scroll of silence
Potions
 i - 3 potions of magic {unknown}
 l - 3 potions of might
 m - 8 potions of heal wounds {unknown}
 o - 6 potions of lignification {unknown}
 q - 2 potions of berserk rage {unknown}
 r - 5 potions of agility {unknown}
 w - a potion of cancellation {unknown}
 B - 3 potions of ambrosia {unknown}
 C - 10 potions of curing {unknown}
 D - 3 potions of flight {unknown}
 K - 3 potions of haste {unknown}
 L - 2 potions of brilliance {unknown}
Comestibles
 a - 2 chunks of flesh
 b - 7 meat rations
 c - 7 bread rations
 x - 20 royal jellies
 M - 9 fruits


   Skills:
 + Level 14.4 Fighting
 + Level 13.2(13.5) Short Blades
 + Level 5.2(10.8) Long Blades
 + Level 17.2 Armour
 + Level 5.7 Dodging
 + Level 3.0 Stealth
 + Level 9.0 Shields
 + Level 0.3 Evocations


You had 13 spell levels left.
You didn't know any spells.

Dungeon Overview and Level Annotations

Branches:
Dungeon (11/15)            Temple (0/1) D:5            Lair (6/6) D:9
  Swamp (0/4) Lair:3        Snake (0/4) Lair:4        Slime (0/5) Lair:6
    Orc (0/2) D:10

Altars:
Ashenzari
Elyvilon
Hepliaklqana
Makhleb
Nemelex Xobeh
Qazlal
Ru
Trog
Uskayaw
Xom
Yredelemnul
Zin
The Shining One
Jiyva

Shops:
D:6 *

Annotations:
Lair:4 exclusion: 3 oklob plants


Innate Abilities, Weirdness & Mutations

You reflexively headbutt those who attack you in melee.
You have a pair of horns on your head.


Message History

You are too injured to fight recklessly!
You are too injured to fight recklessly!
The cyclops throws a large rock.
The large rock hits you!!!
* * * LOW HITPOINT WARNING * * *
Your skin crawls.
You feel resistant to hostile enchantments.
You are feeling hungry.
The cyclops throws a large rock.
The large rock barely misses you.
A red film seems to cover your vision as you go berserk!
You feel yourself moving faster!
You feel mighty!
You are near starving!
You feel a strong urge to attack something.
The cyclops throws a large rock.
The large rock hits you!!
* * * LOW HITPOINT WARNING * * *
You see here a large rock.
You are too berserk!
You are too berserk!
You feel your anger subside. The cyclops hits you!
You die...

.......########..# #.....
.................# #.....
##...............# #...†.
#...............# #...†.
#...............# #.....
#.#####.........# #.....
#.# #####.....##### #.....
#.# #.....C...# #..... #.#
#....@....#######..... #.#
#..................... ..#
#....(................ ..+
#..................... ..#
#.....................
######..(.........†.....###
.........(...########...#
.............# #...#
...########..# #...#


You could see a cyclops.

Vanquished Creatures
  A minotaur (Lab)
  A fire dragon (Lair:6)
  7 hydras
  A centaur warrior (D:10)
  2 two-headed ogres
  4 death yaks (Lair:5)
  Urug (Lair:5)
  The ghost of mimosa the Cleaver, a novice HOBe of Trog (D:8)
  An unseen horror (D:10)
  2 lindwurms
  3 ugly things
  10 elephants
  Joseph (D:7)
  6 black mambas
  A centaur zombie (D:10)
  3 molten gargoyles (Lair:6)
  A torpor snail (Lair:6)
  11 spiny frogs
  2 rime drakes (Lair:6)
  10 komodo dragons
  A troll (D:11)
  A hornet (D:10)
  3 polar bears
  12 blink frogs
  5 hippogriffs
  2 spriggans (Lair:5)
  A shadow (D:11)
  29 yaks
  A wraith (D:10)
  2 hungry ghosts
  5 fire bats (Lair:3)
  7 basilisks
  6 wyverns
  Grum (D:10)
  2 steam dragons (Lair:6)
  2 nagas (Lair:4)
  2 wargs (D:9)
  16 water moccasins
  11 porcupines
  3 hell hounds (Lair:6)
  3 orc warriors
  An ice beast (D:11)
  2 black bears
  2 eyes of draining (D:5)
  A sky beast (D:7)
  4 ogres
  17 wolves
  3 phantoms
  2 centaurs
  12 crocodiles
  2 big kobolds
  11 bullfrogs
  2 gnoll sergeants
  A water moccasin skeleton (D:6)
  6 scorpions
  A troll zombie (D:10)
  3 killer bees (D:11)
  2 crimson imps
  6 lava snakes
  5 jellies
  A bullfrog skeleton (D:8)
  4 hounds
  10 orc wizards
  Crazy Yiuf (D:3)
  11 orc priests
  4 centaur skeletons
  Jessica (D:2)
  2 iguanas (Lair:3)
  4 worker ants
  A killer bee zombie (D:8)
  5 ogre zombies (D:10)
  9 gnolls
  9 adders
  A shadow imp (D:7)
  8 oozes
  An adder skeleton (D:6)
  3 dart slugs
  6 leopard geckos
  24 orcs
  11 bats
  4 giant cockroaches
  2 gnoll zombies (D:4)
  10 goblins
  16 hobgoblins
  9 jackals
  5 quokkas
  5 ball pythons
  15 frilled lizards
  2 goblin zombies (D:10)
  4 hobgoblin zombies (D:10)
  A jackal skeleton (D:4)
  14 kobolds
  4 orc skeletons (D:10)
  9 orc zombies (D:10)
  A quokka skeleton (D:7)
  4 rats
  A fungus (D:3)
489 creatures vanquished.

Vanquished Creatures (others)
  6 fungi
  6 plants
12 creatures vanquished.

Grand Total: 501 creatures vanquished

Notes
Turn   | Place    | Note
-------+----------+-------------------------------------------
     0 | D:1      | OdinFK the Minotaur Berserker began the quest for the Orb.
     0 | D:1      | Reached XP level 1. HP: 19/19 MP: 0/0
   109 | D:1      | Reached XP level 2. HP: 22/27 MP: 1/1
   775 | D:1      | Reached XP level 3. HP: 33/33 MP: 2/2
   879 | D:2      | Reached ** piety under Trog
   911 | D:2      | Noticed a dagger
   912 | D:2      | Noticed a hand axe
   924 | D:2      | Reached skill level 1 in Short Blades
  1011 | D:2      | Found a hide-covered altar of Uskayaw.
  1042 | D:2      | Found a glowing golden altar of the Shining One.
  1042 | D:2      | Found a white marble altar of Elyvilon.
  1060 | D:2      | Found a glowing silver altar of Zin.
  1097 | D:2      | Reached skill level 3 in Armour
  1097 | D:2      | Reached XP level 4. HP: 33/41 MP: 3/3
  1148 | D:2      | Noticed Jessica
  1158 | D:2      | Killed Jessica
  1561 | D:3      | Reached XP level 5. HP: 47/47 MP: 4/4
  1605 | D:3      | Found a shimmering altar of Xom.
  1993 | D:3      | Reached *** piety under Trog
  2516 | D:3      | Reached skill level 4 in Armour
  2550 | D:3      | HP: 2/47 [poisoned by an orc wizard]
  2558 | D:3      | HP: 1/47 [poisoned by an orc wizard]
  2953 | D:3      | Found a runed door.
  2957 | D:3      | Noticed Crazy Yiuf
  2966 | D:3      | Killed Crazy Yiuf
  3149 | D:4      | Reached XP level 6. HP: 43/55 MP: 5/5
  3151 | D:4      | Reached skill level 5 in Fighting
  3442 | D:4      | Found a basalt altar of Yredelemnul.
  3835 | D:5      | Entered Level 5 of the Dungeon
  4043 | D:5      | Reached skill level 5 in Armour
  4064 | D:5      | Reached **** piety under Trog
  4076 | D:5      | Found a staircase to the Ecumenical Temple.
  4099 | D:5      | Reached XP level 7. HP: 61/61 MP: 6/6
  4119 | D:5      | Found a sparkling altar of Nemelex Xobeh.
  4199 | D:5      | Found a stormy altar of Qazlal.
  4218 | D:5      | Found a bloodstained altar of Trog.
  4241 | D:5      | Reached skill level 5 in Short Blades
  4478 | D:6      | Reached skill level 6 in Armour
  4478 | D:6      | Reached XP level 8. HP: 27/70 MP: 2/7
  5061 | D:6      | Found Siotiot's General Store.
  5065 | D:6      | Bought a scroll of identify for 30 gold pieces
  5247 | D:7      | Noticed a brown ugly thing
  5261 | D:7      | Killed a brown ugly thing
  5261 | D:7      | Reached skill level 7 in Armour
  5261 | D:7      | Reached XP level 9. HP: 21/81 MP: 2/8
  5367 | D:7      | Noticed Joseph
  5377 | D:7      | Killed Joseph
  5377 | D:7      | Reached skill level 1 in Stealth
  5706 | D:7      | Reached skill level 8 in Armour
  5935 | D:7      | Reached ***** piety under Trog
  5968 | D:7      | Found a burning altar of Makhleb.
  6287 | D:8      | Found a shattered altar of Ashenzari.
  6346 | D:8      | Noticed mimosa's ghost (novice HOBe)
  6374 | D:8      | Killed mimosa's ghost
  6374 | D:8      | Reached skill level 9 in Armour
  6374 | D:8      | Reached skill level 1 in Shields
  6374 | D:8      | Reached XP level 10. HP: 91/91 MP: 3/9
  6420 | D:8      | Found a sacrificial altar of Ru.
  6547 | D:8      | Noticed a two-headed ogre
  6560 | D:8      | Killed a two-headed ogre
  6560 | D:8      | Reached skill level 10 in Short Blades
  6718 | D:8      | Found a hazy altar of Hepliaklqana.
  7136 | D:9      | Noticed a two-headed ogre
  7150 | D:9      | Killed a two-headed ogre
  7150 | D:9      | Reached skill level 10 in Fighting
  7150 | D:9      | Reached skill level 10 in Armour
  7835 | D:9      | Found a staircase to the Lair.
  8251 | D:10     | Entered Level 10 of the Dungeon
  8522 | D:10     | Reached skill level 11 in Armour
  8799 | D:10     | Killed an unseen horror
  8853 | D:10     | Reached XP level 11. HP: 28/101 MP: 3/10
  8861 | D:10     | Noticed Grum
  8863 | D:10     | HP: 2/101 [Grum/spear (10)]
  9410 | D:10     | Noticed a centaur warrior
  9425 | D:10     | Killed a centaur warrior
  9425 | D:10     | Reached skill level 12 in Armour
  9505 | D:10     | Found a staircase to the Orcish Mines.
  9819 | D:10     | Killed Grum
 10192 | Lair:1   | Entered Level 1 of the Lair of Beasts
 11246 | Lair:1   | Reached skill level 13 in Armour
 11299 | Lair:1   | Received a gift from Trog
 11825 | Lair:2   | Reached skill level 5 in Shields
 11846 | Lair:2   | Noticed a five-headed hydra
 11859 | Lair:2   | Killed a five-headed hydra
 11910 | Lair:2   | Found a labyrinth entrance.
 12006 | Lab      | Entered a labyrinth
 13028 | Lab      | Noticed a minotaur
 13044 | Lab      | Killed a minotaur
 13316 | Lair:2   | Reached XP level 12. HP: 73/112 MP: 3/11
 13871 | Lair:2   | Reached skill level 14 in Armour
 14750 | Lair:3   | Noticed a seven-headed hydra
 14762 | Lair:3   | Killed a seven-headed hydra
 15152 | Lair:3   | Found a staircase to the Swamp.
 15152 | Lair:3   | Noticed a five-headed hydra
 15165 | Lair:3   | Killed a five-headed hydra
 15709 | Lair:3   | Reached skill level 15 in Armour
 16146 | Lair:4   | Found a staircase to the Snake Pit.
 16174 | Lair:4   | Received a gift from Trog
 16488 | Lair:4   | Reached skill level 5 in Dodging
 16494 | Lair:4   | Reached XP level 13. HP: 114/122 MP: 12/12
 17073 | Lair:5   | Noticed Urug
 17113 | Lair:5   | Killed Urug
 17899 | Lair:5   | Reached skill level 16 in Armour
 18295 | Lair:6   | Entered Level 6 of the Lair of Beasts
 18315 | Lair:6   | Found a bloodstained altar of Trog.
 18367 | Lair:6   | Found a staircase to the Slime Pits.
 18368 | Lair:6   | Found a viscous altar of Jiyva.
 19982 | Lair:6   | Found a large runed door.
 19983 | Lair:6   | Found a large runed door.
 20188 | Lair:6   | Reached XP level 14. HP: 123/132 MP: 13/13
 20194 | Lair:6   | Received a gift from Trog
 20216 | Lair:6   | Reached skill level 17 in Armour
 20987 | D:11     | Reached skill level 5 in Long Blades
 21086 | D:11     | HP: 5/199 [cyclops/large rock (27)]
 21088 | D:11     | Slain by a cyclops

Skill      XL: |  1  2  3  4  5  6  7  8  9 10 11 12 13 14 |
---------------+-------------------------------------------+-----
Fighting       | 4 5 6 7 9 10 12 13 14 | 14.4
Long Blades    | 4 5 |  5.2
Short Blades   | 1 2 3 4 6 8 9 10 12 13 | 13.2
Armour         | 3 4 5 6 7 9 11 13 15 16 17 | 17.2
Dodging        | 3 4 5 |  5.7
Stealth        | 1 2 3 |  3.0
Shields        | 1 3 5 7 8 9 |  9.0
Evocations     | |  0.3

Action                   |  1- 3 |  4- 6 |  7- 9 | 10-12 | 13-15 || total
-------------------------+-------+-------+-------+-------+-------++-------
Melee: Falchion          |    10 |       |       |       |       ||    10
       Short sword       |    85 |   181 |       |   349 |   508 ||  1123
       Headbutt          |    13 |    34 |    93 |   297 |   147 ||   584
       Dagger            |       |    19 |   301 |   655 |       ||   975
       Double sword      |       |       |       |       |   100 ||   100
Invok: Trog's Hand       |       |     1 |       |     2 |     4 ||     7
       Berserk           |       |     1 |     5 |     9 |     9 ||    24
       Burn Spellbooks   |       |       |     1 |     2 |       ||     3
Evoke: Wand              |       |       |       |     3 |       ||     3
  Use: Scroll            |       |     4 |     3 |    10 |     4 ||    21
 Stab: Sleeping          |     1 |       |       |       |       ||     1
       Paralysed         |       |       |       |     1 |       ||     1
  Eat: Chunk             |     1 |    10 |    10 |    31 |    23 ||    75
       Bread ration      |       |       |     1 |     2 |       ||     3
       Fruit             |       |       |       |     4 |       ||     4
Armor: Animal skin       |     6 |       |       |       |       ||     6
       Scale mail        |    20 |    21 |       |       |       ||    41
       Chain mail        |       |    20 |       |       |       ||    20
       Leather armour    |       |     9 |       |       |       ||     9
       Plate armour      |       |     8 |   114 |   341 |   240 ||   703
Dodge: Dodged            |    58 |    92 |    66 |   254 |   192 ||   662
Block: Buckler           |       |       |    10 |   118 |    98 ||   226
       Rpst.: Falchion   |     3 |       |       |       |       ||     3
       Double sword      |       |       |       |       |     7 ||     7
